 Dungeon Crawl Stone Soup version 0.32-a0-900-g30fb1b0edc (webtiles) character file.

Game seed: 6008743767393096795

50251 Esekla the Thaumaturge (level 14, -1/108 HPs)
             Began as a Demonspawn Wanderer on Apr 5, 2024.
             Was a High Priest of Vehumet.
             Slain by a five-headed hydra simulacrum (5 damage)
             ... on level 5 of the Lair of Beasts on Apr 6, 2024.
             The game lasted 02:28:59 (19516 turns).

Esekla the Thaumaturge (Demonspawn Wanderer)       Turns: 19516, Time: 02:28:59

Health: -1/108     AC:  9    Str: 11    XL:     14   Next: 19%
Magic:  0/40       EV: 15    Int: 30    God:    Vehumet [*****.]
Gold:   60         SH:  0    Dex: 13    Spells: 6/40 levels left

rFire   . . .        a - +6 long sword of Wisdom {vamp, *Noise Int+3 SInv}
rCold   . . .        (no shield)
rNeg    . . .        V - +3 robe of Bad Feelings {Int+2}
rPois   .            (helmet restricted)
rElec   .            Z - +0 cloak
rCorr   .            M - +1 Delatra's gloves {ID++}
SInv    +            U - +0 pair of boots {Stlth+}
Will    ++...        l - amulet of magic regeneration
Stlth   ++++         i - ring of magical power
HPRegen 0.38/turn    R - +6 ring of intelligence
MPRegen 0.94/turn

%: guardian spirit
@: wreathed by umbra
A: horns 2, repulsion field 2, magic shield, magic regeneration, bedeviling,
foul shadow 2, strong-willed 1
a: Renounce Religion


You were on level 5 of the Lair of Beasts.
You worshipped Vehumet.
Vehumet was extremely pleased with you.
You visited 4 branches of the dungeon, and saw 17 of its levels.
You also visited: Bailey and Volcano.

You collected 1835 gold pieces.
You spent 1775 gold pieces at shops.

Inventory:

Hand Weapons
 a - the +6 long sword of Wisdom (weapon) {vamp, *Noise Int+3 SInv}
   (You bought it in a shop on level 4 of the Dungeon)

   Int+3:     It affects your intelligence (+3).
   SInv:      It lets you see invisible.
   *Noise:    It may make a loud noise when swung.
 f - a +2 falchion of flaming
 g - a +2 scimitar of protection
 r - a +0 trident
 s - a +0 dagger of pain
 v - a +1 dagger of venom
 x - a +3 vampiric dagger
Missiles
 b - 16 poisoned darts (quivered)
 C - 5 javelins
 I - 31 boomerangs
Armour
 M - the +1 Delatra's gloves (worn) {ID++}
   (You found it on level 6 of the Dungeon)

   ID++:      It heals its wearer when they drink unknown potions, and restores
   their MP when they read unknown scrolls.
 O - the +3 buckler "Nesov" {rN+ Regen+ Dex+5}
   (You bought it in a shop on level 2 of the Orcish Mines)

   Dex+5:     It affects your dexterity (+5).
   rN+:       It protects you from negative energy.
   Regen+:    It increases your rate of health regeneration.
 Q - a +2 pair of gloves
 U - a +0 pair of boots of stealth (worn)
 V - the +3 robe of Bad Feelings (worn) {Int+2}
   (You found it on level 3 of the Lair of Beasts)

   Int+2:     It affects your intelligence (+2).
 W - a +3 troll leather armour {Snorg}
 Z - a +0 cloak (worn)
Jewellery
 e - the amulet "Luefybit" {Reflect Int+2 Dex-3 SH+5 Stlth+}
   (You found it on level 3 of the Lair of Beasts)

   [amulet of reflection]

   Reflect:   It reflects blocked missile attacks.
   Int+2:     It affects your intelligence (+2).
   Dex-3:     It affects your dexterity (-3).
   SH+5:      It affects your SH (+5).
   Stlth+:    It makes you more stealthy.
 i - a ring of magical power (left hand)
 l - an amulet of magic regeneration (around neck)
 R - a +6 ring of intelligence (right hand)
Wands
 q - a wand of flame (33)
 t - a wand of iceblast (20)
 A - a wand of mindburst (9)
 F - a wand of paralysis (4)
Scrolls
 h - 10 scrolls of identify
 k - 2 scrolls of blinking {unknown}
 m - 4 scrolls of enchant armour {unknown}
 n - 5 scrolls of enchant weapon
 o - 4 scrolls of fear
 y - 3 scrolls of fog {unknown}
 z - 2 scrolls of vulnerability {unknown}
 B - 6 scrolls of teleportation
 E - 4 scrolls of revelation {unknown}
 N - 4 scrolls of butterflies {unknown}
 P - 2 scrolls of acquirement
 S - a scroll of poison
 T - a scroll of silence
 X - 3 scrolls of torment {unknown}
Potions
 c - 3 potions of brilliance
 d - 2 potions of ambrosia
 j - 4 potions of lignification
 p - 2 potions of attraction
 u - 2 potions of invisibility
 w - a potion of might
 D - 2 potions of heal wounds
 G - 2 potions of mutation
 H - 2 potions of resistance
 J - 4 potions of haste
 L - 2 potions of magic
 Y - 2 potions of enlightenment


   Skills:
 * Level 9.0 Fighting
 + Level 1.9(3.3) Short Blades
 + Level 4.2(4.5) Long Blades
 + Level 2.4 Throwing
 + Level 1.0 Armour
 + Level 3.7 Dodging
 + Level 2.3 Stealth
 * Level 1.4 Shields
 * Level 13.7 Spellcasting
 + Level 8.1 Conjurations
 + Level 3.7 Necromancy
 + Level 3.8 Translocations
 + Level 7.2 Fire Magic
 * Level 1.3 Ice Magic
 + Level 8.0 Air Magic
 + Level 6.4 Alchemy
 + Level 1.3 Evocations


You had 6 spell levels left.
You knew the following spells:

 Your Spells              Type           Power      Damage    Failure   Level
a - Ozocubu's Armour      Ice            28%        N/A       4%          3
b - Blink                 Tloc           86%        N/A       1%          2
c - Mephitic Cloud        Conj/Alch/Air  60%        N/A       1%          3
i - Irradiate             Conj/Alch      29%        3d21      1%          5
k - Airstrike             Air            31%        2d(5-21)  1%          4
o - Scorch                Fire           100%       2d9       1%          2
p - Apportation           Tloc           86%        N/A       1%          1
r - Frozen Ramparts       Ice            56%        1d9       1%          3
w - Fugue of the Fallen   Necr           43%        N/A       1%          3
x - Olgreb's Toxic Radia  Alch           56%        N/A       1%          4
I - Iskenderun's Mystic   Conj/Tloc      54%        2d12      (+2d61%     4

Your spell library contained the following spells:

 Spells                   Type           Power      Damage    Failure   Level
 Conjure Ball Lightning   Conj/Air       31%        3x3d10    3%          6
 Foxfire                  Conj/Fire      100%       2x1d9     1%          1
 Magic Dart               Conj           100%       1d8       1%          1
 Necrotise                Necr           100%       1d9       1%          1
 Sandblast                Erth           40%        2d10      1%          1
 Shock                    Conj/Air       100%       1d9       1%          1
 Sting                    Conj/Alch      100%       1d9       1%          1
 Mercury Vapours          Alch/Air       100%       N/A       1%          2
 Dazzling Flash           Conj/Hex       100%       N/A       1%          3
 Inner Flame              Hex/Fire       59%        N/A       1%          3
 Swiftness                Air            62%        N/A       1%          3
 Volatile Blastmotes      Fire/Tloc      100%       2d18      1%          3
 Fulminant Prism          Conj/Alch      29%        3d14      1%          4
 Summon Small Mammal      Summ           80%        N/A       2%          1
 Ensorcelled Hibernation  Hex/Ice        74%        N/A       2%          2
 Jinxbite                 Hex            62%        N/A       3%          2
 Alistair's Intoxication  Alch           37%        N/A       4%          5
 Plasma Beam              Fire/Air       30%        2x1d43    4%          6
 Starburst                Conj/Fire      30%        6d9       4%          6
 Leda's Liquefaction      Alch/Erth      20%        N/A       6%          4
 Petrify                  Alch/Erth      40%        N/A       6%          4
 Anguish                  Hex/Necr       23%        N/A       11%         4
 Silence                  Hex/Air        30%        N/A       13%         5
 Curse of Agony           Necr           43%        N/A       14%         5
 Cause Fear               Hex            15%        N/A       24%         4
 Metabolic Englaciation   Hex/Ice        18%        N/A       45%         5
 Sculpt Simulacrum        Ice/Alch       22%        N/A       58%         6
 Ignition                 Fire           29%        3d9       86%         8
 Ozocubu's Refrigeration  Ice            14%        4d10      94%         7
 Enfeeble                 Hex            15%        N/A       100%        7
 Polar Vortex             Ice            14%        12d1*     100%        9


Dungeon Overview and Level Annotations

Branches:
Dungeon (9/15)             Temple (1/1) D:4            Lair (5/5) D:8
  Swamp (0/4) Lair:2       Spider (0/4) Lair:3          Orc (2/2) D:9
    Elf (0/3) Orc:2        Bailey (visited)         Volcano (visited)
  Slime: Lair:4-5

Altars:
Ashenzari
Cheibriados
Dithmenos
Fedhas
Gozag
Hepliaklqana
Kikubaaqudgha
Makhleb
Nemelex Xobeh
Okawaru
Qazlal
Ru
Sif Muna
Trog
Uskayaw
Vehumet
Wu Jian
Yredelemnul

Shops:
D:1 *   D:4 (*   D:5 *   Orc:2 :[[(

Annotations:
Lair:3 2 transporters, riojii's ghost, journeyman CoGl


Innate Abilities, Weirdness & Mutations

You have a pair of horns on your head.
You are surrounded by a moderate repulsion field. (EV +3)
When hurt, damage is shared between your health and your magic reserves.
You regenerate magic rapidly.
Your hexes are more powerful.
You are shadowed, sometimes releasing foul flame when damaged in melee.
You are strong-willed. (Will+)


Message History

This square is wreathed by an umbra.
Unknown command.
Press: ? - help, v - describe, . - travel A mystic cage.
This square is wreathed by an umbra.
Unknown command.
You open the door. 9 simulacra come into view.
The five-headed hydra simulacrum attacks as it pursues you!
The five-headed hydra simulacrum bites you.
The five-headed hydra simulacrum freezes you!
The five-headed hydra simulacrum is seared by the foul flame within you.
The five-headed hydra simulacrum resists.
The five-headed hydra simulacrum is lightly damaged.
The five-headed hydra simulacrum bites you.
The five-headed hydra simulacrum freezes you!!
The five-headed hydra simulacrum is seared by the foul flame within you.
The five-headed hydra simulacrum resists.
The five-headed hydra simulacrum is lightly damaged.
The five-headed hydra simulacrum bites you but does no damage.
The five-headed hydra simulacrum misses you.
The five-headed hydra simulacrum bites you.
The five-headed hydra simulacrum freezes you!!!
There is an open door here.
Casting: Airstrike (safe; 1% risk of failure)
Confirm with . or Enter, or press ? or * to list all spells.
Okay, then.
The five-headed hydra simulacrum attacks as it pursues you!
The five-headed hydra simulacrum barely misses you.
The five-headed hydra simulacrum bites you!
* * * LOW HITPOINT WARNING * * *
The five-headed hydra simulacrum freezes you!
* * * LOW HITPOINT WARNING * * *
The five-headed hydra simulacrum bites you!
* * * LOW HITPOINT WARNING * * *
The five-headed hydra simulacrum freezes you!
* * * LOW HITPOINT WARNING * * *
The five-headed hydra simulacrum closely misses you.
The five-headed hydra simulacrum bites you.
You die...

...##....## .
.........P#.......
...###...###...#..
.....#....#......########
....##...##......#...ß#.#
.....#.....#.....#....#.#
....#....#.......#......#.#
...#.P.P.........#..Z...#.#
................@#'###'##.##
..........†).....Z..#.ZZ#..##
....P..........#..P.#Z.Z#...#
..##..#.#.....#...⌠.#ZZZ#.P#
.#....######.y#.....#####..#
..#...## #..##..........###
..#......# #................#
.+.P......##..###.....###..##
..PP......#...###......##.##


You could see a vampire mosquito (wandering) and a five-headed hydra simulacrum.

Vanquished Creatures
  Donald (Orc:2)
  An orc warlord (Bailey)
  Snorg (Orc:2)
  5 hydras
  A dancing weapon (Volcano)
  A two-headed ogre (D:9)
  5 orc high priests (Orc:2)
  2 occultists (Volcano)
  6 orc knights (Orc:2)
  A necromancer (Lair:5)
  7 orc sorcerers
  3 black mambas
  4 kobold blastminers
  5 toenail golems (Volcano)
  12 cane toads
  3 rime drakes (Lair:4)
  A torpor snail (Lair:4)
  10 komodo dragons
  7 trolls
  A tarantella (Lair:3)
  2 polar bears
  A jumping spider (Lair:3)
  A tyrant leech (Lair:5)
  A hornet (D:9)
  14 blink frogs
  3 dream sheep (Lair:4)
  36 yaks
  5 wyverns
  5 humans (Volcano)
  Eustachio (D:4)
  7 wargs
  A basilisk (Lair:2)
  A steam dragon (D:7)
  3 vampire mosquitoes
  2 swamp worms (Lair:2)
  2 acid dragons (D:9)
  9 water moccasins
  2 black bears
  22 orc warriors
  An ice beast (D:7)
  4 centaurs
  4 ogres
  11 wolves
  3 phantoms
  10 bullfrogs
  A scorpion (D:5)
  7 wights (D:9)
  An elephant simulacrum (Lair:5)
  9 killer bees
  4 howler monkeys
  2 bombardier beetles
  5 jellies
  11 orc priests
  6 hounds
  A sleepcap (D:7)
  Natasha (thrice) (D:2)
  A gnoll bouda (D:5)
  3 iguanas
  26 orc wizards
  A human simulacrum (D:7)
  8 adders
  4 gnolls
  A shadow imp (D:7)
  A hell rat simulacrum (Lair:5)
  2 ufetubi (D:7)
  2 dart slugs (D:2)
  A ribbon worm (D:2)
  78 orcs
  9 ball pythons
  2 endoplasms (D:1)
  4 giant cockroaches
  13 goblins
  12 hobgoblins
  4 jackals
  3 quokkas
  3 bats (D:1)
  2 frilled lizards
  17 kobolds
  7 rats
  A spectral goblin (D:1)
483 creatures vanquished.

Vanquished Creatures (others)
  An orc wizard (Orc:2)
  A human simulacrum (D:7)
  2 orcs (Orc:1)
4 creatures vanquished.

Grand Total: 487 creatures vanquished

Notes
Turn   | Place    | Note
-------+----------+-------------------------------------------
     0 | D:1      | Esekla the Demonspawn Wanderer began the quest for the Orb.
     0 | D:1      | Esekla set off with the following items: a +0 dagger, 9
                  | poisoned darts, a potion of brilliance, a +0 robe; and the
                  | following spells available to memorise: Shock, Magic Dart,
                  | Sandblast, Blink, Scorch, Mephitic Cloud.
     0 | D:1      | Reached XP level 1. HP: 15/15 MP: 4/4
    68 | D:1      | Found a faded altar of an unknown god.
   149 | D:1      | Found Nunodgh's Assorted Antiques.
   276 | D:1      | Gained mutation: You are surrounded by a mild repulsion
                  | field. (EV +2) [demonic ancestry]
   276 | D:1      | Reached XP level 2. HP: 20/21 MP: 6/6
   386 | D:1      | Learned a level 1 spell: Magic Dart
   389 | D:1      | Learned a level 2 spell: Blink
   392 | D:1      | Learned a level 2 spell: Scorch
   556 | D:1      | Gained mutation: You regenerate magic rapidly. [demonic
                  | ancestry]
   556 | D:1      | Reached XP level 3. HP: 14/26 MP: 8/8
   628 | D:1      | Learned a level 3 spell: Mephitic Cloud
   905 | D:2      | Noticed Natasha
   969 | D:2      | Found a blossoming altar of Fedhas.
  1280 | D:2      | Killed Natasha
  1281 | D:2      | Reached skill level 1 in Short Blades
  1281 | D:2      | Reached XP level 4. HP: 32/32 MP: 9/9
  1324 | D:2      | Noticed Natasha
  1372 | D:2      | Killed Natasha
  1373 | D:2      | Reached skill level 1 in Conjurations
  1522 | D:2      | Learned a level 1 spell: Apportation
  1612 | D:2      | Reached skill level 4 in Spellcasting
  1612 | D:2      | Gained mutation: When hurt, damage is shared between your
                  | health and your magic reserves. [demonic ancestry]
  1612 | D:2      | Reached XP level 5. HP: 37/37 MP: 11/11
  1849 | D:2      | Noticed Natasha
  1855 | D:2      | Killed Natasha
  1959 | D:3      | Reached skill level 1 in Alchemy
  1989 | D:3      | Reached skill level 1 in Translocations
  2581 | D:5      | Entered Level 5 of the Dungeon
  2581 | D:5      | Noticed a phantom
  2587 | D:5      | Killed a phantom
  2588 | D:5      | Reached skill level 1 in Fire Magic
  2588 | D:5      | Gained mutation: You have a pair of small horns on your
                  | head. [demonic ancestry]
  2588 | D:5      | Reached XP level 6. HP: 44/44 MP: 12/12
  2873 | D:4      | Found a staircase to the Ecumenical Temple.
  2883 | Temple   | Entered the Ecumenical Temple
  2949 | Temple   | Became a worshipper of Vehumet
  3090 | D:4      | Found Jitaph's Antique Weapon Boutique.
  3120 | D:4      | Noticed Eustachio
  3233 | D:4      | Found Cuorin's Serpentskin Sales.
  3357 | D:4      | Killed Eustachio
  3610 | D:5      | Gained mutation: You are surrounded by a moderate repulsion
                  | field. (EV +3) [demonic ancestry]
  3610 | D:5      | Reached XP level 7. HP: 50/50 MP: 14/14
  3621 | D:5      | Reached skill level 5 in Spellcasting
  3768 | D:4      | Bought a slimy long sword for 170 gold pieces
  3768 | D:4      | Identified the +6 long sword of Wisdom {vamp, *Noise Int+3
                  | SInv} (You bought it in a shop on level 4 of the Dungeon)
  3992 | D:5      | Found Maddapn's Assorted Antiques.
  4369 | D:5      | Reached * piety under Vehumet
  4369 | D:5      | Offered knowledge of Foxfire by Vehumet.
  4370 | D:5      | Reached XP level 8. HP: 34/58 MP: 8/16
  4906 | D:6      | Reached skill level 6 in Spellcasting
  5108 | D:4      | Bought a +0 robe of poison resistance for 47 gold pieces
  5534 | D:6      | Found the +1 Delatra's gloves {ID++}
  5835 | D:1      | Bought 2 murky amethyst potions for 43 gold pieces
  5835 | D:1      | Bought a grey potion for 21 gold pieces
  5835 | D:1      | Bought a fuming brown potion for 21 gold pieces
  5946 | D:5      | Bought a murky amethyst potion for 23 gold pieces
  6062 | D:7      | Learned a level 3 spell: Fugue of the Fallen
  6067 | D:7      | Learned a level 4 spell: Airstrike
  6072 | D:7      | Learned a level 4 spell: Iskenderun's Mystic Blast
  6092 | D:7      | Reached XP level 9. HP: 64/64 MP: 19/19
  6109 | D:7      | Reached skill level 1 in Necromancy
  6112 | D:7      | Reached skill level 7 in Spellcasting
  6115 | D:7      | Offered knowledge of Kiss of Death by Vehumet.
  6117 | D:7      | Reached ** piety under Vehumet
  6224 | D:7      | Found a flagged portal.
  6242 | Bailey   | Entered a bailey
  6297 | Bailey   | Noticed an orc warlord
  6372 | Bailey   | Found a runed translucent gate.
  6372 | Bailey   | Found a runed translucent gate.
  6372 | Bailey   | Found a runed translucent gate.
  6604 | Bailey   | Killed an orc warlord
  6814 | D:7      | Found a shimmering blue altar of Sif Muna.
  6865 | D:7      | Offered knowledge of Hailstorm by Vehumet.
  7295 | D:8      | Noticed a two-headed ogre
  7355 | D:8      | Reached skill level 1 in Dodging
  7357 | D:8      | Reached *** piety under Vehumet
  7358 | D:8      | Reached skill level 8 in Spellcasting
  7358 | D:8      | Reached skill level 5 in Conjurations
  7360 | D:8      | Reached skill level 1 in Long Blades
  7360 | D:8      | Reached XP level 10. HP: 52/71 MP: 8/22
  7871 | D:8      | Found a staircase to the Lair.
  8313 | Lair:1   | Entered Level 1 of the Lair of Beasts
  8340 | Lair:1   | Noticed a cane toad
  8350 | Lair:1   | Killed a cane toad
  8586 | Lair:1   | Offered knowledge of Stone Arrow by Vehumet.
  8598 | Lair:1   | Reached skill level 5 in Air Magic
  8600 | Lair:1   | Reached skill level 9 in Spellcasting
  8700 | Lair:1   | Noticed a cane toad
  8709 | Lair:1   | Killed a cane toad
  8840 | Lair:1   | Reached skill level 5 in Fighting
  8840 | Lair:1   | Reached skill level 1 in Stealth
  9245 | Lair:1   | Reached skill level 5 in Fire Magic
  9683 | D:5      | Bought a scroll labelled ZAPAH UD MAMM for 26 gold pieces
  9683 | D:5      | Bought a scroll labelled GIRCHOY ZENOSU for 26 gold pieces
  9683 | D:5      | Bought a scroll labelled QAUPPO CILETS for 26 gold pieces
  9789 | D:1      | Bought a scroll labelled ESAXTAXZ IRHAB for 24 gold pieces
 10029 | Lair:2   | Gained mutation: You are faintly shadowed, very rarely
                  | releasing foul flame when damaged in melee. [demonic
                  | ancestry]
 10029 | Lair:2   | Reached XP level 11. HP: 78/79 MP: 23/24
 10196 | Lair:2   | Noticed a four-headed hydra
 10266 | Lair:2   | Noticed a seven-headed hydra
 10285 | Lair:2   | Killed a six-headed hydra
 10378 | Lair:2   | Reached skill level 5 in Alchemy
 10489 | Lair:2   | Reached **** piety under Vehumet
 10525 | Lair:1   | Reached skill level 10 in Spellcasting
 10745 | Lair:1   | Learned a level 5 spell: Irradiate
 10758 | Lair:2   | Killed a four-headed hydra
 11104 | Lair:2   | Found a staircase to the Swamp.
 11363 | D:1      | Bought a pair of embroidered boots for 180 gold pieces
 11931 | Lair:3   | Found a hole to the Spider Nest.
 11961 | Lair:3   | Offered knowledge of Arcjolt by Vehumet.
 12036 | Lair:3   | Identified the +3 robe of Bad Feelings {Int+2}
 12154 | Lair:3   | Identified the amulet "Luefybit" {Reflect Int+2 Dex-3 SH+5
                  | Stlth+}
 12518 | Lair:3   | Gained mutation: You are shadowed, sometimes releasing foul
                  | flame when damaged in melee. [demonic ancestry]
 12518 | Lair:3   | Reached XP level 12. HP: 75/89 MP: 26/26
 12524 | Lair:3   | Reached skill level 11 in Spellcasting
 12593 | Lair:3   | Found a transporter.
 12656 | Lair:3   | Noticed riojii's ghost (journeyman CoGl)
 12657 | Lair:3   | Identified the +3 scale mail "Jadeth" {rF- Will+ Str+4}
 12909 | Lair:3   | Found a transporter.
 13060 | Lair:4   | Identified the scarf of Ugoer {+Inv, *Slow rF+ Will+++
                  | Dex+2}
 13563 | Lair:4   | Reached ***** piety under Vehumet
 13563 | Lair:4   | Offered knowledge of Yara's Violent Unravelling by Vehumet.
 14432 | D:9      | Noticed a two-headed ogre
 14469 | D:9      | Identified the amulet "Wuunkapi" {^Contam rPois rF+ Regen+
                  | Str+2}
 14500 | D:9      | Killed a two-headed ogre
 14501 | D:9      | Reached skill level 12 in Spellcasting
 14582 | D:9      | Found a staircase to the Orcish Mines.
 15459 | Orc:1    | Entered Level 1 of the Orcish Mines
 15548 | Orc:1    | Gained mutation: You have a pair of horns on your head.
                  | [demonic ancestry]
 15548 | Orc:1    | Reached XP level 13. HP: 50/98 MP: 27/29
 15722 | Orc:1    | You fall into a shaft and drop 1 floor!
 15722 | Orc:2    | Entered Level 2 of the Orcish Mines
 15722 | Orc:2    | Found Nievust's Armour Shop.
 15733 | Orc:2    | Offered knowledge of Brom's Barrelling Boulder by Vehumet.
 15743 | Orc:2    | Paralysed by an orc sorcerer for 4 turns
 15747 | Orc:2    | Found Iqeesoof's Weapon Emporium.
 15762 | Orc:2    | Found Xeda's Antique Armour Emporium.
 15788 | Orc:2    | Found Elyck's Book Shop.
 15857 | Orc:2    | Noticed Snorg
 16074 | Orc:1    | Found a dark tunnel.
 16088 | Volcano  | Entered a volcano
 17314 | Orc:2    | Reached skill level 13 in Spellcasting
 17316 | Orc:2    | Found a staircase to the Elven Halls.
 17362 | Orc:2    | Killed Snorg
 17605 | Orc:2    | Noticed Donald
 17622 | Orc:2    | Gained mutation: You are strong-willed. (Will+) [potion of
                  | mutation]
 17623 | Orc:2    | Killed Donald
 18228 | Orc:2    | Paralysed by an orc sorcerer for 3 turns
 18404 | Orc:2    | Bought a Young Poisoner's Handbook for 360 gold pieces
 18409 | Orc:2    | Learned a level 4 spell: Olgreb's Toxic Radiance
 18409 | Orc:2    | Bought a book of Winter for 504 gold pieces
 18413 | Orc:2    | Learned a level 3 spell: Ozocubu's Armour
 18417 | Orc:2    | Learned a level 3 spell: Frozen Ramparts
 18419 | Orc:2    | Bought a heavily runed buckler for 190 gold pieces
 18419 | Orc:2    | Identified the +3 buckler "Nesov" {rN+ Regen+ Dex+5} (You
                  | bought it in a shop on level 2 of the Orcish Mines)
 18427 | Orc:2    | Bought a shimmering robe for 114 gold pieces
 18427 | Orc:2    | Identified the +1 robe "Cyresh" {rF+} (You bought it in a
                  | shop on level 2 of the Orcish Mines)
 18586 | Lair:5   | Entered Level 5 of the Lair of Beasts
 18745 | Lair:5   | Gained mutation: Your hexes are more powerful. [demonic
                  | ancestry]
 18745 | Lair:5   | Reached XP level 14. HP: 52/106 MP: 18/31
 19013 | Lair:5   | Reached skill level 1 in Shields
 19018 | Lair:5   | Offered knowledge of Conjure Ball Lightning by Vehumet.
 19260 | Lair:5   | Reached skill level 1 in Ice Magic
 19516 | Lair:5   | HP: 4/108 [five-headed hydra simulacrum (8)]
 19516 | Lair:5   | Slain by a five-headed hydra simulacrum

Illustrated notes

Levels and vault maps discovered:
D:1:      minmay_arrival_plants_in_alcoves, layout_rooms,
          dreamdust_ecumenical_altar_drowned_temple, serial_shops,
          nicolae_lakefront_shop
D:2:      layout_rooms, basic_altar, uniq_natasha
D:3:      layout_rooms, kennysheep_cross_bottleneck, minmay_splitting_lines
D:4:      layout_basic, minmay_temple_entry_crystal_x, serial_shops,
          nicolae_shop_hallway_plus, guppyfry_shop_venom, uniq_eustachio
D:5:      layout_basic, serial_shops, nicolae_shop_pleasant_corner_grove,
          grunt_ministairs_12, minmay_increasing_density
D:6:      layout_basic, st_stairs_13, pf_guarded_unrand_delatra
D:7:      layout_rooms, nicolae_overflow_hidden_temple,
          hellmonk_sif_muna_bookshelves, enter_bailey_4, minmay_fountain_box,
          minmay_misc_feat_more_columns, bh_circular_ruins
D:8:      layout_loops_corners, lair_entry_dummy
D:9:      minmay_skewed_foursquare, layout_irregular_city, david_orc_2,
          bh_walls_and_bars
Temple:   minmay_crystal_spiral_temple
Lair:1:   layout_hall_layers
Lair:2:   layout_regular_city, palyth_hydra_swamp_entry
Lair:3:   layout_regular_city, spider_nest_entry_rubble, gammafunk_ghost_hive
Lair:4:   layout_concentric_octagons
Lair:5:   minmay_lair_end_frog_pond, layout_regular_city, slime_entry_1,
          chequers_serial_rivers_small_b, eino_house_with_fridge
Orc:1:    layout_caves, enter_volcano_2, nicolae_orc_tapped_out
Orc:2:    st_orc_elflike, layout_diamond_mine, nooodl_orcs_dogs, uniq_donald,
          uniq_snorg

Skill      XL: |  1  2  3  4  5  6  7  8  9 10 11 12 13 14 |
---------------+-------------------------------------------+-----
Short Blades   | 1 |  1.9
Conjurations   | 1 2 3 4 5 6 7 8 |  8.1
Spellcasting   | 4 5 6 8 9 10 12 13 | 13.7
Alchemy        | 1 2 3 4 5 6 |  6.4
Translocations | 1 2 3 |  3.8
Fire Magic     | 1 2 3 4 5 6 7 |  7.2
Fighting       | 2 3 4 5 6 7 8 9 |  9.0
Air Magic      | 3 4 5 6 7 8 |  8.0
Throwing       | 2 |  2.4
Necromancy     | 3 |  3.7
Dodging        | 1 2 3 |  3.7
Long Blades    | 1 2 3 4 |  4.2
Stealth        | 1 2 |  2.3
Shields        | 1 |  1.4
Ice Magic      | 1 |  1.3
Armour         | |  1.0
Evocations     | |  1.3

Action                     |  1- 3 |  4- 6 |  7- 9 | 10-12 | 13-15 || total
---------------------------+-------+-------+-------+-------+-------++-------
  Melee: Dagger            |   129 |    61 |     3 |     8 |    17 ||   218
         Headbutt          |       |     3 |     6 |    41 |    46 ||    96
         Long sword        |       |       |    23 |   147 |   136 ||   306
         Falchion          |       |       |       |     2 |       ||     2
  Throw: Dart              |     2 |     4 |    36 |    43 |    10 ||    95
         Boomerang         |       |       |       |     8 |    12 ||    20
   Cast: Magic Dart        |    20 |    18 |    30 |    12 |       ||    80
         Scorch            |    12 |    45 |   192 |   356 |   124 ||   729
         Mephitic Cloud    |       |     6 |    15 |    55 |    26 ||   102
         Apportation       |       |       |    38 |    43 |    60 ||   141
         Blink             |       |       |     3 |    13 |     6 ||    22
         Fugue of the Fall |       |       |     3 |    17 |    10 ||    30
         Iskenderun's Myst |       |       |       |     4 |     1 ||     5
         Airstrike         |       |       |       |    15 |    14 ||    29
         Irradiate         |       |       |       |     4 |    25 ||    29
         Olgreb's Toxic Ra |       |       |       |       |     5 ||     5
  Evoke: Wand              |       |       |     3 |     9 |       ||    12
    Use: Scroll            |       |     1 |     1 |     8 |     4 ||    14
         Potion            |       |       |     2 |     3 |     7 ||    12
   Stab: Confused          |       |     3 |     4 |     7 |     3 ||    17
         Sleeping          |       |       |     1 |     5 |     4 ||    10
 Armour: Robe              |    75 |    38 |    68 |   221 |   168 ||   570
         Skin              |       |       |     2 |       |       ||     2
  Dodge: Dodged            |    85 |    42 |    85 |   330 |   203 ||   745

Table legend: (Time is in decaauts)
 A = Elapsed time spent in this place.
 B = Non-inter-level travel time spent in this place.
 C = Inter-level travel time spent in this place.
 D = Time resting spent in this place.
 E = Time spent auto-exploring this place.
 F = Levels seen in this place.
 G = Mean time per level.
                   A        B        C        D        E       F      G
               +--------+--------+--------+--------+--------+-----+--------+
         Total |  19648 |  17634 |   2014 |   3640 |   5530 |  19 | 1034.1 |
       Dungeon |   9931 |   8355 |   1576 |   1260 |   2486 |   9 | 1103.4 |
        Temple |    131 |     66 |     65 |      0 |      0 |   1 |  131.0 |
          Lair |   6090 |   5779 |    311 |   1382 |   2292 |   5 | 1218.0 |
  Orcish Mines |   2301 |   2240 |     61 |    672 |    543 |   2 | 1150.5 |
        Bailey |    502 |    502 |      0 |    132 |     35 |   1 |  502.0 |
       Volcano |    690 |    690 |      0 |    194 |    173 |   1 |  690.0 |
               +--------+--------+--------+--------+--------+-----+--------+

Top non-repeatable levels by time:
  Lair:1: 1647 daAuts
  Lair:4: 1593 daAuts
     D:1: 1426 daAuts
  Lair:2: 1413 daAuts
     D:5: 1338 daAuts
     D:9: 1337 daAuts
     D:8: 1287 daAuts
   Orc:2: 1241 daAuts
     D:4: 1118 daAuts
   Orc:1: 1060 daAuts
     D:6: 980 daAuts
  Lair:3: 936 daAuts
     D:2: 892 daAuts
     D:7: 838 daAuts
     D:3: 709 daAuts
